 Dungeon Crawl Stone Soup version 0.20-a0-681-gf83e07f (webtiles) character file.

45798 shpingle the Basher (level 14, -4/120 HPs)
             Began as a Troll Gladiator on Feb 18, 2017.
             Was the Champion of Okawaru.
             Slain by an eight-headed hydra (6 damage)
             ... on level 6 of the Lair of Beasts on Feb 19, 2017.
             The game lasted 01:32:26 (16230 turns).

shpingle the Basher (Troll Gladiator)              Turns: 16230, Time: 01:32:26

Health: -4/120     AC: 15    Str: 25    XL:     14   Next: 2%
Magic:  16/16      EV: 15    Int:  4    God:    Okawaru [******]
Gold:   1027       SH: 25    Dex: 23    Spells: 3/13 levels left

rFire    + . .     SeeInvis .   a - +5 flail (protect)
rCold    . . .     Gourm    +   d - +2 robe {rF+} {god gift}
rNeg     . . .     Faith    .   k - +3 large shield of Okawaru's Displeasure {god gift, rElec MR- Dex+8}
rPois    +         Spirit   .   L - +2 hat
rElec    +         Reflect  +   X - +2 cloak
rCorr    .         Harm     .   (gloves unavailable)
MR       +....                  (boots unavailable)
Stlth    ++........             w - +4 amulet of reflection
Regen    0.7/turn               p - ring of protection from magic
MPRegen  0.2/turn               l - ring of poison resistance

@: no status effects
A: unfitting armour, claws 3, molten scales 1, fast metabolism 3, gourmand,
sense surroundings 1, regeneration 1, shaggy fur 2, tough skin 2
a: Heroism, Finesse, Renounce Religion


You were on level 6 of the Lair of Beasts.
You worshipped Okawaru.
Okawaru was exalted by your worship.
You were not hungry.

You visited 3 branches of the dungeon, and saw 16 of its levels.
You also visited: Sewer and Volcano.

You collected 1164 gold pieces.
You spent 137 gold pieces at shops.

Inventory:

Hand Weapons
 a - a +5 flail of protection (weapon)
 b - a +6 blowgun
 J - a +1 hunting sling of freezing {god gift}
Missiles
 c - 10 javelins of returning {god gift}
 g - 2 throwing nets
 h - 18 curare-tipped needles {god gift}
 r - 4 needles of paralysis {god gift}
 v - 80 poisoned needles
 R - 6 large rocks (quivered) {god gift}
 Z - 4 exploding tomahawks
Armour
 d - a +2 robe of fire resistance (worn) {god gift}
 k - the +3 large shield of Okawaru's Displeasure (worn) {god gift, rElec MR- Dex+8}
   (Okawaru gifted it to you on level 7 of the Dungeon)

   It affects your dexterity (+8).
   It insulates you from electricity.
   It affects your resistance to hostile enchantments.
 L - a +2 hat (worn)
 X - a +2 cloak (worn)
Jewellery
 l - a ring of poison resistance (left claw)
 p - a ring of protection from magic (right claw)
 w - a +4 amulet of reflection (around neck)
 B - an uncursed ring of resist corrosion
 P - an uncursed ring of positive energy
 Q - an uncursed ring of protection from fire
Wands
 i - a wand of iceblast (2/15)
 j - a wand of random effects (6/48)
 o - a wand of paralysis (10/24)
 M - a wand of lightning (1/15)
 O - a wand of iceblast (11/15)
Scrolls
 u - 4 scrolls of remove curse
 y - 3 scrolls of teleportation
 z - 3 scrolls of enchant weapon {unknown}
 A - 3 scrolls of fog
 C - a scroll of noise
 D - a scroll of recharging
 F - 5 scrolls of blinking
 K - 3 scrolls of immolation
 U - a scroll of silence
 W - 2 scrolls of brand weapon {unknown}
Potions
 e - a potion of lignification
 f - a potion of heal wounds
 n - a potion of might
 q - a potion of invisibility
 s - 4 potions of brilliance
 t - 11 potions of curing
 x - 3 potions of agility
 E - a potion of haste
 G - a potion of flight
 S - a potion of cancellation
 V - a potion of resistance {unknown}
 Y - 2 potions of ambrosia {unknown}
Books
 T - a book of Frost

   Spells                             Type                      Level
   a - Freeze                         Ice                          1
   b - Throw Frost                    Conjuration/Ice              2
   c - Ozocubu's Armour               Charms/Ice                   3
   d - Throw Icicle                   Conjuration/Ice              4
   e - Summon Ice Beast               Ice/Summoning                4
Comestibles
 m - 16 royal jellies
 I - 9 meat rations


   Skills:
 - Level 3.0 Fighting
 * Level 13.4 Maces & Flails
 + Level 7.8 Throwing
 - Level 5.6 Armour
 + Level 8.7 Dodging
 + Level 9.1 Shields
 - Level 3.4 Unarmed Combat
 + Level 4.0 Ice Magic
 - Level 4.0 Invocations


You had 3 spell levels left.
You knew the following spells:

 Your Spells              Type           Power        Failure   Level  Hunger
a - Ice Form              Ice/Tmut       #.......     100%        4    #####..
b - Song of Slaying       Chrm           #.......     100%        2    ###....
c - Regeneration          Chrm/Necr      #.........   100%        3    ####...
d - Freeze                Ice            #...         38%         1    ##.....


Dungeon Overview and Level Annotations

Branches:
Dungeon (9/15)             Temple (0/1) D:5            Lair (6/6) D:9
 Shoals (0/4) Lair:2        Snake (0/4) Lair:2        Slime (1/5) Lair:5
    Orc (0/2) D:9

Altars:
Cheibriados
Hepliaklqana
Okawaru
Qazlal
Ru
Uskayaw
Vehumet
Xom
Beogh

Shops:
D:5 (


Innate Abilities, Weirdness & Mutations

You are too large for most types of armour.
You have claws for hands.
Your metabolism is lightning-fast.
You like to eat raw meat.
Your natural rate of healing is unusually fast.
You are covered in thick fur. (AC +2)
You have very tough skin. (AC +2)
You are partially covered in molten scales. (AC +2)
You passively map a small area around you.


Message History

The eight-headed hydra is almost dead.
You block the eight-headed hydra's attack. x2
The eight-headed hydra closely misses you.
The eight-headed hydra bites you.
* * * LOW HITPOINT WARNING * * *
You block the eight-headed hydra's attack.
The eight-headed hydra bites you.
* * * LOW HITPOINT WARNING * * *
The eight-headed hydra bites you.
* * * LOW HITPOINT WARNING * * *
You block the eight-headed hydra's attack.
You block the spriggan's attack.
The eight-headed hydra bites you but does no damage.
The eight-headed hydra bites you!
* * * LOW HITPOINT WARNING * * *
The eight-headed hydra bites you but does no damage. x3
The eight-headed hydra barely misses you.
The eight-headed hydra closely misses you.
The eight-headed hydra bites you.
You die...

♣♣ ... ♣...♣♣ ♣...♣♣♣♣ *♣.....♣
###### ♣.....♣♣#####@##.######
### ##
♣..♣....♣..##D#i#...#..###.###P
♣...♣♣♣.........y.......##...##.
♣... ♣♣♣...(...........###.###.
y♣.. ♣..............◙##.###.. ..
♣...............◙#.## ◙◙. ♣..
♣...............##.##◙◙.. * *
♣..............##.≈§##...
♣.............##§≈≈≈≈##..


You could see an eight-headed hydra, a hornet and a spriggan.

Vanquished Creatures
  Gastronok (D:8)
  A red draconian (Volcano)
  3 hydras
  Erica (D:9)
  A catoblepas (Lair:6)
  The ghost of lessens the Ripper, a journeyman FeWr of Okawaru (Volcano)
  3 two-headed ogres
  8 death yaks (Lair:4)
  Sonja (Lair:4)
  A salamander mystic (Volcano)
  A sea snake (Lair:2)
  Pikel (D:7)
  3 oklob plants (Lair:6)
  2 ugly things
  A manticore (Lair:2)
  9 salamanders (Volcano)
  Maurice (D:8)
  8 elephants
  Joseph (D:7)
  A black mamba (Lair:6)
  An eye of devastation (Lair:5)
  8 spiny frogs
  A komodo dragon (Lair:5)
  3 rime drakes
  A polar bear (Lair:4)
  A troll (D:9)
  2 hornets
  9 hippogriffs
  20 blink frogs
  The ghost of w00t the Digger, an amateur GrEE of Vehumet (D:5)
  11 yaks
  A spriggan (Lair:6)
  2 wyverns
  A basilisk (Lair:3)
  A hungry ghost (D:7)
  Edmund (D:4)
  Menkaure (D:4)
  11 porcupines
  11 water moccasins
  7 orc warriors
  6 wolves (Lair:6)
  2 phantoms (D:5)
  An eye of draining (Lair:5)
  2 black bears
  7 centaurs
  4 ogres
  12 crocodiles
  3 big kobolds
  19 bullfrogs
  2 scorpions
  2 howler monkeys
  2 crimson imps
  A centaur skeleton (D:5)
  5 hounds
  5 jellies (D:9)
  7 orc priests
  3 iguanas
  Ijyb (D:2)
  Terence (D:1)
  10 orc wizards
  Natasha (thrice) (D:4)
  9 worker ants
  A killer bee zombie (D:6)
  A hound zombie (D:7)
  A hound skeleton (D:8)
  A mummy (D:9)
  2 worker ant zombies
  4 gnolls (D:7)
  7 adders
  3 river rats (Sewer)
  2 shadow imps
  7 oozes
  An adder skeleton (D:6)
  3 worms
  2 dart slugs
  10 leopard geckos
  49 orcs
  11 giant cockroaches
  4 goblins
  3 hobgoblins (D:3)
  3 jackals (D:6)
  2 quokkas
  8 ball pythons
  7 bats
  2 frilled lizards
  24 kobolds
  A leopard gecko skeleton (D:4)
  2 quokka zombies
  31 rats
442 creatures vanquished.

Vanquished Creatures (others)
  5 dream sheep (D:3)
  A slave (D:7)
  A worm (D:3)
  An orc (D:7)
  5 fungi
  23 plants
36 creatures vanquished.

Grand Total: 478 creatures vanquished

Notes
Turn   | Place    | Note
-------+----------+-------------------------------------------
     0 | D:1      | shpingle the Troll Gladiator began the quest for the Orb.
     0 | D:1      | Reached XP level 1. HP: 19/19 MP: 0/0
   229 | D:1      | Found an iron altar of Okawaru.
   467 | D:1      | Reached XP level 2. HP: 27/27 MP: 1/1
   697 | D:1      | Became a worshipper of Warmaster Okawaru
   762 | D:2      | Noticed Terence
   817 | D:1      | Killed Terence
   817 | D:1      | Reached XP level 3. HP: 33/33 MP: 2/2
   861 | D:2      | Noticed Ijyb
   872 | D:2      | Killed Ijyb
   872 | D:2      | Reached skill level 3 in Dodging
  1004 | D:2      | Reached skill level 1 in Maces & Flails
  1004 | D:2      | Reached XP level 4. HP: 30/41 MP: 3/3
  1241 | D:3      | Reached * piety under Okawaru
  1291 | D:3      | Found a shimmering altar of Xom.
  1291 | D:3      | Noticed a dream sheep
  1291 | D:3      | Noticed a dream sheep
  1291 | D:3      | Noticed a dream sheep
  1291 | D:3      | Noticed a dream sheep
  1291 | D:3      | Noticed a dream sheep
  1297 | D:3      | Killed a dream sheep
  1297 | D:3      | Killed a dream sheep
  1297 | D:3      | Killed a dream sheep
  1299 | D:3      | Killed a dream sheep
  1300 | D:3      | Killed a dream sheep
  1357 | D:3      | Found a glowing drain.
  1363 | Sewer    | Entered a sewer
  1474 | Sewer    | Reached XP level 5. HP: 31/48 MP: 4/4
  1646 | Sewer    | Reached skill level 2 in Maces & Flails
  1888 | Sewer    | Reached XP level 6. HP: 55/55 MP: 5/5
  2286 | D:3      | Found a hide-covered altar of Uskayaw.
  2507 | D:3      | Found a radiant altar of Vehumet.
  2579 | D:3      | Reached skill level 3 in Maces & Flails
  2972 | D:4      | Reached skill level 3 in Throwing
  3086 | D:4      | Noticed Edmund
  3098 | D:4      | Killed Edmund
  3098 | D:4      | Reached ** piety under Okawaru
  3098 | D:4      | Reached XP level 7. HP: 62/62 MP: 6/6
  3347 | D:4      | Noticed Menkaure
  3354 | D:4      | Killed Menkaure
  3354 | D:4      | Reached skill level 4 in Maces & Flails
  3370 | D:4      | Noticed Natasha
  3375 | D:4      | Killed Natasha
  3375 | D:4      | Reached skill level 3 in Armour
  3736 | D:4      | Noticed Natasha
  3752 | D:4      | Killed Natasha
  3842 | D:4      | Noticed Natasha
  3850 | D:4      | Killed Natasha
  3865 | D:5      | Entered Level 5 of the Dungeon
  3984 | D:5      | Reached XP level 8. HP: 66/70 MP: 7/7
  4012 | D:5      | Reached *** piety under Okawaru
  4063 | D:5      | Reached skill level 5 in Maces & Flails
  4149 | D:5      | Found Zaocsuq's Antique Weapon Boutique.
  4157 | D:5      | Bought a runed blowgun for 137 gold pieces
  4239 | D:5      | Found a staircase to the Ecumenical Temple.
  4351 | D:5      | Noticed w00t's ghost (amateur GrEE)
  4379 | D:5      | Killed w00t's ghost
  4748 | D:6      | Reached skill level 6 in Maces & Flails
  5415 | D:7      | Received a gift from Okawaru
  5521 | D:7      | Reached XP level 9. HP: 72/76 MP: 8/8
  5528 | D:7      | Found a hazy altar of Hepliaklqana.
  5569 | D:7      | Found a stormy altar of Qazlal.
  5683 | D:7      | Paralysed by a hornet for 2 turns
  5689 | D:7      | Paralysed by a hornet for 2 turns
  5779 | D:7      | Noticed a cyan ugly thing
  5817 | D:7      | Killed a cyan ugly thing
  5817 | D:7      | Received a gift from Okawaru
  5817 | D:7      | Reached skill level 7 in Maces & Flails
  5951 | D:7      | Reached **** piety under Okawaru
  6048 | D:7      | You fall through a shaft for 2 floors!
  6060 | D:9      | Noticed a two-headed ogre
  6224 | D:9      | Learned a level 4 spell: Ice Form
  6256 | D:8      | Found a sacrificial altar of Ru.
  6472 | D:8      | Reached skill level 8 in Maces & Flails
  6472 | D:8      | Reached skill level 6 in Dodging
  6520 | D:8      | Noticed Maurice
  6545 | D:8      | Killed Maurice
  6567 | D:8      | Reached XP level 10. HP: 85/85 MP: 9/9
  6717 | D:8      | Got an ivory falchion
  6751 | D:7      | Noticed Joseph
  6772 | D:7      | Killed Joseph
  6772 | D:7      | Reached ***** piety under Okawaru
  6772 | D:7      | Reached skill level 6 in Throwing
  7237 | D:7      | Noticed Pikel
  7250 | D:7      | Killed Pikel
  7319 | D:7      | Got an ancient trident {pierce}
  7576 | D:7      | Received a gift from Okawaru
  7577 | D:7      | Got a translucent large shield {god gift}
  7583 | D:7      | Identified the +3 large shield of Okawaru's Displeasure {god gift, rElec MR- Dex+8} (Okawaru gifted it to you on level 7 of the Dungeon)
  7693 | D:8      | Noticed Gastronok
  7693 | D:8      | Noticed a two-headed ogre
  7756 | D:8      | Killed a two-headed ogre
  7756 | D:8      | Reached skill level 9 in Maces & Flails
  7770 | D:8      | Killed Gastronok
  7770 | D:8      | Reached skill level 3 in Shields
  8228 | D:9      | Noticed a brown ugly thing
  8253 | D:9      | Killed a brown ugly thing
  8253 | D:9      | Reached XP level 11. HP: 53/92 MP: 10/10
  8267 | D:9      | Gained mutation: You are robust. (+10% HP) [mutagenic meat]
  8268 | D:9      | Lost mutation: You are robust. (+10% HP) [mutagenic meat]
  8323 | D:9      | Reached skill level 10 in Maces & Flails
  8468 | D:9      | Noticed Erica
  8485 | D:9      | Killed Erica
  8540 | D:9      | Noticed a two-headed ogre
  8559 | D:9      | Killed a two-headed ogre
  8941 | D:9      | Killed a two-headed ogre
  9223 | D:9      | Found a snail-covered altar of Cheibriados.
  9270 | D:9      | Received a gift from Okawaru
  9408 | D:9      | Found a roughly hewn altar of Beogh.
  9408 | D:9      | Found a staircase to the Orcish Mines.
  9748 | D:9      | Found a staircase to the Lair.
  9845 | Lair:1   | Entered Level 1 of the Lair of Beasts
 10040 | Lair:1   | Reached skill level 6 in Shields
 10172 | Lair:1   | Reached ****** piety under Okawaru
 10186 | Lair:1   | Reached skill level 11 in Maces & Flails
 10426 | Lair:1   | Learned a level 2 spell: Song of Slaying
 10430 | Lair:1   | Learned a level 3 spell: Regeneration
 10785 | Lair:2   | Received a gift from Okawaru
 10851 | Lair:2   | Received a gift from Okawaru
 10932 | Lair:2   | Found a staircase to the Shoals.
 11069 | Lair:2   | Noticed a sea snake
 11083 | Lair:2   | Killed a sea snake
 11083 | Lair:2   | Reached XP level 12. HP: 76/104 MP: 12/12
 11657 | Lair:2   | Reached skill level 3 in Fighting
 11661 | Lair:2   | Received a gift from Okawaru
 11699 | Lair:2   | Found a staircase to the Snake Pit.
 11856 | Lair:3   | Learned a level 1 spell: Freeze
 11900 | Lair:3   | Received a gift from Okawaru
 11910 | Lair:3   | Reached skill level 3 in Invocations
 12108 | Lair:3   | Noticed a seven-headed hydra
 12115 | Lair:3   | Killed a seven-headed hydra
 12115 | Lair:3   | Received a gift from Okawaru
 12376 | Lair:3   | Reached skill level 12 in Maces & Flails
 12914 | Lair:4   | Gained mutation: You are covered in thick fur. (AC +2) [potion of mutation]
 12914 | Lair:4   | Gained mutation: You are partially covered in molten scales. (AC +2) [potion of mutation]
 12914 | Lair:4   | Gained mutation: You passively map a small area around you. [potion of mutation]
 13069 | Lair:4   | Noticed a death yak
 13069 | Lair:4   | Noticed a death yak
 13087 | Lair:4   | Noticed a death yak
 13143 | Lair:4   | Killed a death yak
 13165 | Lair:4   | Noticed a death yak
 13168 | Lair:4   | Noticed a death yak
 13194 | Lair:4   | Killed a death yak
 13229 | Lair:4   | Killed a death yak
 13303 | Lair:4   | Killed a death yak
 13304 | Lair:4   | Killed a death yak
 13504 | Lair:4   | Noticed a death yak
 13504 | Lair:4   | Noticed a death yak
 13526 | Lair:4   | Noticed a death yak
 13539 | Lair:4   | Killed a death yak
 13539 | Lair:4   | Reached XP level 13. HP: 92/111 MP: 15/15
 13793 | Lair:4   | Received a gift from Okawaru
 13851 | Lair:4   | Noticed Sonja
 13855 | Lair:4   | Killed Sonja
 14059 | Lair:5   | Received a gift from Okawaru
 14122 | Lair:5   | Reached skill level 3 in Ice Magic
 14281 | Lair:5   | Found a staircase to the Slime Pits.
 14508 | Slime:1  | Entered Level 1 of the Pits of Slime
 14508 | Slime:1  | Noticed an acid blob
 14513 | Slime:1  | Noticed an azure jelly
 14928 | Lair:6   | Entered Level 6 of the Lair of Beasts
 15255 | Lair:6   | Found a dark tunnel.
 15260 | Volcano  | Entered a volcano
 15262 | Volcano  | Noticed lessens's ghost (journeyman FeWr)
 15281 | Volcano  | Reached skill level 13 in Maces & Flails
 15322 | Volcano  | Noticed a red draconian
 15324 | Volcano  | Received a gift from Okawaru
 15326 | Volcano  | Killed lessens's ghost
 15378 | Volcano  | Killed a red draconian
 15390 | Volcano  | Received a gift from Okawaru
 15542 | Lair:6   | Reached skill level 9 in Shields
 15687 | Lair:6   | Received a gift from Okawaru
 15798 | Lair:6   | Got an ancient robe {god gift}
 15809 | Lair:6   | Identified the +0 robe of Pagihoz {god gift, rF+} (Okawaru gifted it to you on level 6 of the Lair of Beasts)
 15991 | Lair:6   | Reached XP level 14. HP: 117/120 MP: 16/16
 16230 | Lair:6   | HP: 2/120 [eight-headed hydra (12)]
 16230 | Lair:6   | Slain by an eight-headed hydra

Vault maps used:
D:1:      noname_arrival_rooms_in_the_neighbourhood, okawaru_ov_weapons_minmay
D:2:      uniq_iyjb, uniq_terence
D:3:      eat_drink_and_be_merry_uskayaw, fiery_altar_vehumet,
          kb_xom_exploding_sheep, gup_sewer_entry_pipe
D:4:      cheibrodos_helix_gallery, uniq_menkaure, uniq_natasha, uniq_edmund
D:5:      kennysheep_spiral_hall, minmay_temple_entry_trees, serial_shops, shop,
          first_bread
D:6:      hangedman_decor_points
D:7:      nicolae_qazlal_general_emergency, marbit_many_paths, lightli_minifort,
          uniq_pikel, uniq_joseph
D:8:      nicolae_ru_great_annihilating_truth, uniq_maurice, uniq_gastronok
D:9:      slow_altar_2, grunt_lair_entry_orc_guard_hut, david_orc_5,
          hangedman_little_slice_of_home, uniq_erica
Lair:1:   beast_lair_carwin_5
Lair:2:   minmay_shoals_entry_beasts, dummy_snake_entry
Lair:4:   serial_bayou_lake_a, uniq_sonja
Lair:5:   minmay_slime_entry_eyes, grunt_megastairs_3,
          infiniplex_staircase_pool_2, lemuel_fruit_fields
Lair:6:   minmay_lair_end_enchanted_forest, enter_volcano_4, st_stairs_12,
          minmay_lair_oklob_chamber, grunt_megastairs_4
Slime:1:  basic_altar, nicolae_slime_barrier
Sewer:    sewer_minmay_treatment
Volcano:  volcano_caves

Skill      XL: |  1  2  3  4  5  6  7  8  9 10 11 12 13 |
---------------+----------------------------------------+-----
Throwing       | 2 3 4 5 6 7 |  7.8
Armour         | 1 2 3 4 5 |  5.6
Dodging        | 3 4 5 6 7 8 |  8.7
Maces & Flails | 1 2 3 4 6 8 9 11 12 13 | 13.4
Shields        | 4 6 8 9 |  9.1
Fighting       | 2 3 |  3.0
Invocations    | 2 4 |  4.0
Ice Magic      | 2 4 |  4.0
Unarmed Combat | |  3.4

Action                   |  1- 3 |  4- 6 |  7- 9 | 10-12 | 13-15 || total
-------------------------+-------+-------+-------+-------+-------++-------
Melee: Unarmed           |    32 |       |       |       |       ||    32
       Punch             |     4 |     4 |     7 |     1 |       ||    16
       Flail             |    31 |   234 |   310 |   702 |   412 ||  1689
 Fire: Blowgun           |       |       |    26 |   114 |    52 ||   192
Throw: Throwing net      |     3 |     1 |     2 |       |       ||     6
       Stone             |       |   132 |   117 |     4 |       ||   253
       Tomahawk          |       |       |       |    72 |       ||    72
       Large rock        |       |       |       |    40 |    47 ||    87
       Javelin           |       |       |       |       |    14 ||    14
Invok: Heroism           |       |     2 |     3 |     2 |     1 ||     8
       Finesse           |       |       |       |       |     1 ||     1
Evoke: Wand              |       |       |       |       |     9 ||     9
  Use: Scroll            |       |    11 |     5 |    12 |     8 ||    36
       Potion            |       |       |     1 |     2 |     5 ||     8
 Stab: Held in net/web   |     1 |     1 |     1 |       |       ||     3
       Sleeping          |       |       |     2 |     4 |       ||     6
       Paralysed         |       |       |     1 |    31 |     2 ||    34
       Distracted        |       |       |       |     2 |       ||     2
       Invisible         |       |       |       |       |     3 ||     3
  Eat: Chunk             |     3 |    24 |    35 |    70 |    19 ||   151
       Meat ration       |     1 |       |       |       |       ||     1
       Fruit             |       |       |       |       |     7 ||     7
Armor: Robe              |    21 |   140 |   115 |   105 |   119 ||   500
       Skin              |       |       |       |     4 |       ||     4
Dodge: Dodged            |    39 |   195 |   164 |   136 |   134 ||   668
Block: Large shield      |       |       |       |   511 |   491 ||  1002
       Other             |       |       |       |     7 |     4 ||    11
       Reflection        |       |       |       |     3 |    15 ||    18
